 Dungeon Crawl Stone Soup version bcrawl-1.28 (webtiles) character file.

Game seed: 13386258087183092272

274923 MisterOstroum the Skirmisher (level 7, -1/44 HPs)
             Began as a Gargoyle Abyssal Knight on Nov 16, 2020.
             Was a Priest of Lugonu.
             Killed by nerve-wracking pain
             ... invoked by an orc priest
              (2 damage)
             ... on level 4 of the Dungeon.
             The game lasted 00:12:04 (3164 turns).

MisterOstroum the Skirmisher (GrAK)                 Turns: 3164, Time: 00:12:05

Health: -1/44      AC: 11    Str: 17    XL:     7   Next: 93%
Magic:  10/10      EV: 11    Int: 13    God:    Lugonu [***...]
Gold:   245        SH:  0    Dex: 13    Spells: 6/6 levels left

rFire    x . .     SeeInvis .   b - +2 short sword (elec)
rCold    + . .     Gourm    .   (no shield)
rNeg     + . .     Faith    .   i - +0 ring mail
rPois    ∞         Spirit   .   D - +0 helmet (curse)
rElec    +         Reflect  .   (no cloak)
rCorr    .         Harm     .   (no gloves)
MR       .....                  (no boots)
Stlth    +.........             w - amulet of the acrobat (curse)
HPRegen  0.14/turn              t - ring "Ogauf" {Ice Dex+4} (curse)
MPRegen  0.12/turn              (no ring)

@: no status effects
A: negative energy resistance 1, electricity resistance, unbreathing,
petrification resistance, rot immunity, AC +4
a: Depart the Abyss, Bend Space, Banish, Renounce Religion


You were on level 4 of the Dungeon.
You worshipped Lugonu.
Lugonu was most pleased with you.
You were not hungry.

You visited 1 branch of the dungeon, and saw 4 of its levels.
You visited the Abyss 1 time.

You collected 275 gold pieces.
You spent 30 gold pieces at shops.

Inventory:

Hand Weapons
 a - a +1 hand axe
 b - a +2 short sword of electrocution (weapon)
Missiles
 c - 7 tomahawks of dispersal {=f}
 d - 911 stones
 j - 57 exploding tomahawks (quivered)
 n - 230 sling bullets
 r - 215 bolts
 y - 96 poisoned needles
Armour
 i - a +0 ring mail (worn)
 A - a +0 pair of boots
 D - a cursed +0 helmet (worn)
Magical Staves
 B - an uncursed staff of summoning
Jewellery
 t - the cursed ring "Ogauf" (left hand) {Ice Dex+4}
   (You found it on level 3 of the Dungeon)

   [ring of ice]

   It enhances your ice magic.
   It affects your dexterity (+4).
   It makes you vulnerable to fire.
   It protects you from cold.
   It has a curse placed upon it.
 w - a cursed amulet of the acrobat (around neck)
Wands
 h - a wand of iceblast (7)
Scrolls
 g - 3 scrolls of enchant weapon {unknown}
 k - a scroll of fear {unknown}
 l - 2 scrolls of remove curse {@r2}
 m - 5 scrolls of teleportation
 o - a scroll of blinking {unknown}
 q - a scroll of enchant armour {unknown}
 v - a scroll of magic mapping {unknown}
 x - 2 scrolls of identify {@r1}
Potions
 f - a potion of degeneration
 p - 3 potions of cancellation {unknown}
 s - 3 potions of curing {unknown}
 u - a potion of resistance {unknown}
 C - a potion of lignification {@q6}
Comestibles
 e - 5 rations {!d}
 z - a chunk of flesh


   Skills:
 + Level 5.3 Fighting
 - Level 2.0 Short Blades
 - Level 5.0 Axes
 - Level 0.8 Throwing
 + Level 3.4 Armour
 - Level 1.8 Dodging
 * Level 4.3 Invocations
 + Level 0.8 Evocations


You had 6 spell levels left.
You didn't know any spells.
Your spell library was empty.

Dungeon Overview and Level Annotations

Branches:
Dungeon (4/12)
 Temple: D:4-7

Altars:
Ashenzari
Cheibriados
Dithmenos
Vehumet

Shops:
D:4 [!(


Innate Abilities, Weirdness & Mutations

You are resistant to torment.
Your stone body is resilient. (AC +4)
You are immune to poison.
You resist negative energy. (rN+)
You are resistant to electric shocks. (rElec)
You can survive without breathing.
You are immune to petrification.
You are immune to rotting.


Message History

You now have 245 gold pieces (gained 10).
Some of the chunks of flesh in your inventory have rotted away.
s - 3 fuming clear potions (gained 1)
An orc comes into view. It is wielding a +0 hand axe.
An orc is nearby!
An orc is nearby!
An orc is nearby!
The orc shouts!
You hit the orc.
The orc is almost dead.
The orc hits you but does no damage.
You closely miss the orc.
The orc is almost dead.
An orc comes into view. It is wielding a +0 hand axe.
The orc barely misses you.
An orc wizard comes into view. It is wielding a +0 dagger.
The orc wizard shouts!
The orc shouts!
You hit the orc.
You kill the orc!
Lugonu accepts your kill.
You hear a shout!
The orc throws a stone.
The stone hits you but does no damage.
An orc comes into view. It is wielding a +0 mace.
The orc throws a stone.
The stone completely misses you. The orc wizard completely misses you.
Things that are here:
a +0 hand axe; an orc corpse
There are monsters nearby!
You puncture the orc wizard!
Lightning courses through the orc wizard!
You kill the orc wizard!
Lugonu accepts your kill.
The orc throws a stone.
The stone hits you but does no damage.
An orc priest comes into view. It is wielding a +0 great sword.
The orc priest shouts! x2
The orc closely misses you.
You puncture the orc! Lightning courses through the orc!
You kill the orc!
Lugonu accepts your kill.
The orc priest mumbles some strange prayers to Beogh against you.
Beogh smites you!
You barely miss the orc. The orc hits you but does no damage.
You completely miss the orc. The orc barely misses you. The orc misses you.
The orc priest calls down the wrath of Beogh upon you.
Beogh smites you!
Some of the chunks of flesh in your inventory have rotted away.
Items here: $ ) [ † a +0 dagger; a +0 robe; 20 gold pieces; an orc corpse The orc throws a stone.
The stone closely misses you.
Things that are here:
a +0 hand axe; an orc corpse The orc priest invokes the aid of Beogh against you.
Beogh smites you!
* * * LOW HITPOINT WARNING * * *
The orc throws a stone.
The stone misses you.
Throwing (i - inventory. (/) - cycle)
j - 60 exploding tomahawks (quivered)
Press: ? - help, Shift-Dir - straight line, f - orc priest
Aim: an orc priest, wielding a +0 war axe and wearing a +0 leather armour You throw an exploding tomahawk.
The exploding tomahawk hits the orc priest.
The orc priest is moderately wounded.
The exploding tomahawk explodes!
The explosion of tomahawk fragments engulfs the orc priest!
The orc priest is almost dead.
The explosion of tomahawk fragments engulfs the orc!
You kill the orc!
Lugonu accepts your kill.
Lugonu is aiding your Translocation magic.
Lugonu imbues your non-magical melee attacks with distortion.
The orc priest calls down the wrath of Beogh upon you.
Beogh smites you!
* * * LOW HITPOINT WARNING * * *
Throwing (i - inventory. (/) - cycle)
j - 59 exploding tomahawks (quivered)
Press: ? - help, Shift-Dir - straight line, f - orc priest, p - orc priest
Aim: an orc priest, wielding a +0 great sword and wearing a cursed +0 scale mail You throw an exploding tomahawk.
The exploding tomahawk hits the orc priest but does no damage.
The orc priest is almost dead.
The exploding tomahawk explodes!
The explosion of tomahawk fragments engulfs the orc priest but does no damage.
The orc priest is almost dead.
The explosion of tomahawk fragments engulfs the orc priest.
The orc priest is moderately wounded.
The orc priest calls upon Beogh to heal the orc priest.
The orc priest is healed somewhat.
Throwing (i - inventory. (/) - cycle)
j - 58 exploding tomahawks (quivered)
Press: ? - help, Shift-Dir - straight line, f/p - orc priest
Aim: an orc priest, wielding a +0 great sword and wearing a cursed +0 scale mail (moderately wounded)
You throw an exploding tomahawk.
The exploding tomahawk hits the orc priest.
The orc priest is severely wounded.
The exploding tomahawk explodes!
The explosion of tomahawk fragments engulfs the orc priest but does no damage.
The orc priest is severely wounded.
The explosion of tomahawk fragments engulfs the orc priest but does no damage.
The orc priest is moderately wounded.
The orc priest calls down the wrath of Beogh upon you.
Pain shoots through your body!
You die...

#########.# #......##.######
#....[.[.......#
#......#..####.# # ##
#......#)## ..######
#..######.o.## #.......
#.).......#o.# ######....
#.........#..## #.........
#......o..#@..## #.........
#.........#.#..####>........
#.........#.##..............
#.........#.######.......###
#.#####......## ##..###..#
#. #..##...#####..####.## .
##.)#.#....#....###..#
##)#.##.....##..##...
.######.#.##)..#####.##.##


You could see 2 orc priests.

Vanquished Creatures
  Sigmund (D:3)
  An ogre (D:2)
  2 scorpions (D:4)
  A howler monkey (D:4)
  An orc priest (D:4)
  2 iguanas (D:4)
  4 orc wizards
  A worker ant (D:4)
  6 gnolls (D:4)
  3 adders
  2 oozes
  5 worms
  A dart slug (D:1)
  3 leopard geckos
  12 orcs
  A ball python (D:1)
  2 giant cockroaches
  3 goblins
  9 hobgoblins
  16 jackals
  3 quokkas
  6 bats
  2 frilled lizards
  5 kobolds
  5 rats
97 creatures vanquished.

Notes
Turn   | Place    | Note
-------+----------+-------------------------------------------
     0 | Abyss:1  | MisterOstroum the Gargoyle Abyssal Knight began the quest
                  | for the Orb.
     0 | Abyss:1  | Reached XP level 1. HP: 14/14 MP: 2/2
    47 | Abyss:1  | Noticed a large abomination
    49 | D:1      | Escaped the Abyss
    98 | D:1      | Reached * piety under Lugonu
   156 | D:1      | Reached XP level 2. HP: 18/19 MP: 3/3
   467 | D:1      | Reached XP level 3. HP: 23/24 MP: 4/4
   881 | D:2      | Reached XP level 4. HP: 29/29 MP: 5/5
   973 | D:2      | Reached ** piety under Lugonu
  1261 | D:2      | Found a snail-covered altar of Cheibriados.
  1261 | D:2      | Found a radiant altar of Vehumet.
  1262 | D:2      | Found a shattered altar of Ashenzari.
  1454 | D:2      | Noticed an ogre
  1457 | D:2      | Killed an ogre
  1457 | D:2      | Reached XP level 5. HP: 34/34 MP: 6/6
  1869 | D:3      | Found a shadowy altar of Dithmenos.
  1872 | D:3      | Noticed Sigmund
  1886 | D:3      | Killed Sigmund
  1886 | D:3      | Reached skill level 5 in Fighting
  1886 | D:3      | Reached XP level 6. HP: 40/40 MP: 6/8
  1919 | D:3      | Reached skill level 5 in Axes
  1982 | D:3      | Got a smoking amber ring
  2341 | D:4      | Reached skill level 1 in Short Blades
  2341 | D:4      | Reached skill level 1 in Dodging
  2341 | D:4      | Reached XP level 7. HP: 37/44 MP: 9/9
  2368 | D:4      | Found Cueqe Cysuth's Antique Weapon Boutique.
  2564 | D:4      | Identified the cursed ring "Ogauf" {Ice Dex+4} (You found
                  | it on level 3 of the Dungeon)
  2984 | D:4      | Found Doosm's Armour Shop.
  3004 | D:4      | Found Rufodarph's Distillery.
  3012 | D:4      | Bought a potion of lignification for 30 gold pieces
  3161 | D:4      | Reached *** piety under Lugonu
  3162 | D:4      | HP: 1/44 [orc priest/divine providence (10)]
  3164 | D:4      | Killed from afar by an orc priest

Skill      XL: |  1  2  3  4  5  6  7 |
---------------+----------------------+-----
Axes           | 2 3 4 5 |  5.0
Fighting       | 4 5 |  5.3
Invocations    | 3 4 |  4.3
Short Blades   | 1 2 |  2.0
Dodging        | 1 |  1.8
Armour         | 3 |  3.4
Throwing       | |  0.8
Evocations     | |  0.8

Action                   |  1- 3 |  4- 6 |  7- 9 || total
-------------------------+-------+-------+-------++-------
Melee: Hand axe          |    86 |    55 |       ||   141
       Short sword       |       |    25 |    66 ||    91
Throw: Stone             |    15 |     9 |    10 ||    34
       Tomahawk          |       |     6 |    12 ||    18
Invok: Depart the Abyss  |     1 |       |       ||     1
  Use: Scroll            |     2 |     2 |       ||     4
  Eat: Chunk             |     3 |     7 |     5 ||    15
Armor: Ring mail         |    38 |    43 |    46 ||   127
Dodge: Dodged            |    51 |    44 |    43 ||   138
